AoeStats
← 西安兰花

Arena

509591698Analyzed
2v2 RM · 3d ago on Sep 27, 2026· 37m 55s· 4 players
Game mode
Random Map
Map size
Medium (4 player)
Population
200
Speed
Normal
Resources
Standard
Victory
Conquest
Starting age
Dark Age
Ending age
Imperial Age
RankedLock teamsTeams togetherTeam positionsShared explorationLock speedFull tech treeHidden civsTurbo modeCheats
Victory
Defeat
🇭🇷 Vikings · Croatia
914
+14
🇿🇦 Turks · South Africa
829
+18
🇨🇳 Ethiopians · China
875
-16
🇨🇳 Franks · China
868
-16
西安兰花
8:25 Loom
12:08 Feudal Age
14:36 Scale Barding Armor
19:22 Castle Age
18:19 Stone Mining
18:17 Double-Bit Axe
18:24 Gold Mining
18:58 Scale Barding Armor
26:48 Husbandry
31:43 Imperial Age
29:58 Wheelbarrow
30:34 Bow Saw
31:05 Light Cavalry
32:15 Chain Barding Armor
33:32 Cavalier
35:45 Paladin
hrxexe
1:02 Loom
11:54 Feudal Age
13:33 Double-Bit Axe
16:17 Castle Age
17:13 Bow Saw
17:14 Horse Collar
23:18 Heavy Plow
24:25 Wheelbarrow
24:07 Fervor
23:45 Crossbowman
25:52 Thumb Ring
27:26 Stone Mining
27:41 Gold Mining
29:30 Stone Shaft Mining
34:37 Imperial Age
32:22 Hand Cart
31:54 Town Watch
32:54 Gold Shaft Mining
33:24 Elite Skirmisher
39:31 Chemistry
38:51 Ballistics
38:38 Siege Engineers
Russian version of Elon
11:31 Feudal Age
16:01 Castle Age
14:39 Double-Bit Axe
14:39 Horse Collar
18:03 Bow Saw
20:21 Town Watch
20:36 Stone Mining
24:18 Squires
24:05 Arson
27:01 Forging
28:14 Heavy Plow
28:17 Scale Mail Armor
28:53 Iron Casting
29:49 Chain Mail Armor
29:46 Gold Mining
32:35 Imperial Age
29:51 Loom
32:53 Caravan
34:03 Plate Mail Armor
35:16 Gold Shaft Mining
35:02 Padded Archer Armor
36:41 Blast Furnace
36:04 Capped Ram
Heli Jacob
9:56 Feudal Age
10:54 Double-Bit Axe
11:23 Loom
16:11 Castle Age
15:33 Gold Mining
22:23 Imperial Age
22:04 Wheelbarrow
Connection lost

Rejoining the realm…

Still unreachable

The connection could not be restored.

Session expired

The server has moved on; the page needs a fresh start.